 Dungeon Crawl Stone Soup version 0.31-a0-859-g9dce7d3444 (webtiles) character file.

Game seed: 6304424367034842640

314 BinkBink the Trooper (level 6, 0/66 HPs)
             Began as an Ogre Fighter on Oct 9, 2023.
             Slain by nms23's ghost (4 damage)
             ... on level 3 of the Dungeon.
             The game lasted 00:03:14 (1975 turns).

BinkBink the Trooper (Ogre Fighter)                 Turns: 1975, Time: 00:03:14

Health: 0/66       AC:  3    Str: 23    XL:     6   Next: 43%
Magic:  6/6        EV:  9    Int:  9    God:
Gold:   105        SH:  8    Dex:  8    Spells: 5/5 levels left

rFire   + . .        a - +0 flail
rCold   . . .        c - +0 kite shield
rNeg    . . .        b - +0 robe
rPois   .            (helmet restricted)
rElec   .            (no cloak)
rCorr   .            (gloves unavailable)
SInv    .            (boots unavailable)
Will    .....        f - amulet of regeneration
Stlth   +            i - ring of protection from fire
HPRegen 1.11/turn    (no ring)
MPRegen 0.10/turn

%: no passive effects
@: attractive, hasted, very quick
A: large, unfitting armour, tough skin 1
a: no special abilities


You were on level 3 of the Dungeon.
You visited 1 branch of the dungeon, and saw 3 of its levels.

You collected 105 gold pieces.

Inventory:

Hand Weapons
 a - a +0 flail (weapon)
Armour
 b - a +0 robe (worn)
 c - a +0 kite shield (worn)
Jewellery
 f - an amulet of regeneration (around neck)
 i - a ring of protection from fire (left hand)
Scrolls
 e - a scroll of revelation {unknown}
 g - 2 scrolls of identify {unknown}
 l - 3 scrolls of vulnerability {unknown}
 o - a scroll of blinking {unknown}
Potions
 d - a potion of might
 h - a potion of curing
 k - a potion of mutation {unknown}
 m - a potion of degeneration {unknown}
 n - a potion of attraction


   Skills:
 + Level 5.2 Fighting
 * Level 3.8 Maces & Flails
 - Level 1.4 Armour
 + Level 3.5 Dodging
 + Level 3.9 Shields


You had 5 spell levels left.
You didn't know any spells.
Your spell library contained the following spells:

 Spells                   Type           Power      Damage    Failure   Level
 Summon Small Mammal      Summ           0%         N/A       65%         1
 Call Canine Familiar     Summ           0%         N/A       95%         3
 Summon Guardian Golem    Hex/Summ       0%         N/A       95%         3


Dungeon Overview and Level Annotations

Branches:
Dungeon (3/15)

Altars:

Annotations:
D:3 nms23's ghost, weakling DsCj


Innate Abilities, Weirdness & Mutations

You are too large for most types of armour.
You have tough skin. (AC +1)


Message History

You hit nms23's ghost.
Nms23's ghost is heavily damaged.
Nms23's ghost hits you.
You hit nms23's ghost.
Nms23's ghost is severely damaged.
Nms23's ghost points at you and mumbles some strange words.
The magic dart hits you.
Nms23's ghost gestures at you while chanting.
The magic dart hits you!
You miss nms23's ghost.
Nms23's ghost is severely damaged.
Nms23's ghost casts a spell at you. The magic dart hits you!
You closely miss nms23's ghost.
Nms23's ghost is severely damaged.
Nms23's ghost gestures at you while chanting.
The magic dart hits you!
Nms23's ghost screams, "Death is your only future!"
Nms23's ghost hits you.
* * * LOW HITPOINT WARNING * * *
It was a potion of curing.
You feel better. Nms23's ghost hits you.
You hit nms23's ghost but do no damage.
Nms23's ghost is severely damaged.
Nms23's ghost gestures at you while chanting.
The magic dart hits you!
* * * LOW HITPOINT WARNING * * *
You closely miss nms23's ghost.
Nms23's ghost is severely damaged.
Nms23's ghost is bathed in the radiant lights of Iskenderun.
Nms23's ghost gestures at you while chanting.
The magic dart hits you!
* * * LOW HITPOINT WARNING * * *
It was a potion of attraction.
You feel attractive to monsters.
Nms23's ghost makes a sound of rattling chains.
Nms23's ghost casts a spell at you. The magic dart hits you!
* * * LOW HITPOINT WARNING * * *
It was a potion of haste.
You feel yourself speed up. Nms23's ghost hits you.
You die...

#........^.###.....###
#>...
#..........##..##.##
... #......)..........#
. #...........#.###.#
##.........#..#########
#..........#.##.#~~~~~~
#...<......#.#..'~~~~$~
#..........#.#W.#~~~~~~
#............@..#######
#..........#.###.##.#
##...........# #.#..#
##......##.####.#.##
########.........###
#............#
###..........#
#..........#
############


You could see nms23's ghost.

Vanquished Creatures
  Sigmund (D:2)
  A bullfrog (D:2)
  4 adders
  A worm (D:2)
  4 dart slugs (D:1)
  2 orcs (D:3)
  2 endoplasms (D:2)
  A giant cockroach (D:1)
  8 goblins
  2 hobgoblins (D:2)
  3 jackals (D:1)
  3 kobolds
  3 quokkas
  5 ball pythons
  4 bats
  2 frilled lizards (D:1)
  5 rats
51 creatures vanquished.

Notes
Turn   | Place    | Note
-------+----------+-------------------------------------------
     0 | D:1      | BinkBink the Ogre Fighter began the quest for the Orb.
     0 | D:1      | Reached XP level 1. HP: 24/24 MP: 1/1
    73 | D:1      | Reached XP level 2. HP: 32/32 MP: 2/2
   373 | D:1      | Reached XP level 3. HP: 39/39 MP: 3/3
   880 | D:2      | Noticed Sigmund
  1064 | D:2      | Killed Sigmund
  1065 | D:2      | Reached skill level 1 in Armour
  1065 | D:2      | Reached XP level 4. HP: 49/49 MP: 4/4
  1065 | D:2      | Reached XP level 5. HP: 55/55 MP: 5/5
  1134 | D:2      | Reached skill level 5 in Fighting
  1522 | D:2      | Found a faded altar of an unknown god.
  1845 | D:3      | Found a runed translucent door.
  1865 | D:3      | Noticed nms23's ghost (weakling DsCj)
  1889 | D:3      | Reached XP level 6. HP: 58/66 MP: 6/6
  1974 | D:3      | HP: 3/66 [nms23's ghost/magic dart (8)]
  1975 | D:3      | Slain by nms23's ghost

Illustrated notes

Levels and vault maps discovered:
D:1:      lemuel_arrival_rhombus, layout_loops_ring,
          dreamdust_princess_corridor, minmay_tripent
D:2:      layout_loops_ring, shapermc_ecumenical_altar_ellora, uniq_sigmund
D:3:      layout_rooms, mainiacjoe_overflow_chevrons,
          mainiacjoe_overflow_cross_hatched, minitemple, serial_shops,
          nicolae_shop_drivethru, ebering_ghost_sewer_f

Skill      XL: |  1  2  3  4  5 |
---------------+----------------+-----
Maces & Flails | 2 3 |  3.8
Dodging        | 3 |  3.5
Armour         | 1 |  1.4
Fighting       | 5 |  5.2
Shields        | |  3.9

Action                     |  1- 3 |  4- 6 || total
---------------------------+-------+-------++-------
  Melee: Flail             |   133 |    71 ||   204
    Use: Potion            |       |     3 ||     3
 Armour: Robe              |    81 |    62 ||   143
  Dodge: Dodged            |    59 |    32 ||    91
  Block: Kite shield       |    55 |    35 ||    90

Table legend: (Time is in decaauts)
 A = Elapsed time spent in this place.
 B = Non-inter-level travel time spent in this place.
 C = Inter-level travel time spent in this place.
 D = Time resting spent in this place.
 E = Time spent auto-exploring this place.
 F = Levels seen in this place.
 G = Mean time per level.
                   A        B        C        D        E       F      G
               +--------+--------+--------+--------+--------+-----+--------+
         Total |   2059 |   1972 |     87 |    127 |   1310 |   3 |  686.3 |
       Dungeon |   2059 |   1972 |     87 |    127 |   1310 |   3 |  686.3 |
               +--------+--------+--------+--------+--------+-----+--------+

Top non-repeatable levels by time:
     D:2: 1050 daAuts
     D:1: 886 daAuts
     D:3: 122 daAuts
